 Dungeon Crawl Stone Soup version 0.29-a0-284-gf9362112df (webtiles) character file.

Game seed: 9067521790797212518

198 sanka the Ducker (level 5, -10/47 HPs)
             Began as a Gnoll Monk on Mar 14, 2022.
             Was an Elder of Trog.
             Mangled by Menkaure (12 damage)
             ... on level 4 of the Dungeon.
             The game lasted 00:04:25 (3585 turns).

sanka the Ducker (Gnoll Monk)                       Turns: 3585, Time: 00:04:26

Health: -10/47     AC:  5    Str: 12    XL:     5   Next: 76%
Magic:  7/7        EV: 15    Int:  9    God:    Trog [****..]
Gold:   149        SH:  0    Dex: 15    Spells: 7/7 levels left

rFire   . . .      SeeInvis .   a - +0 hand axe
rCold   + . .      Faith    .   (no shield)
rNeg    . . .      Spirit   .   o - +1 robe {rC+}
rPois   .          Reflect  .   m - +0 helmet
rElec   .          Harm     .   (no cloak)
rCorr   .          Rampage  .   r - +0 pair of gloves
Will    .....                   (no boots)
Stlth   +++.......              (no amulet)
HPRegen 0.15/turn               (no ring)
MPRegen 0.10/turn               (no ring)

@: no status effects
A: fangs 1, strong nose, distributed training
a: Renounce Religion, Berserk, Trog's Hand, Brothers in Arms


You were on level 4 of the Dungeon.
You worshipped Trog.
Trog was greatly pleased with you.
You visited 1 branch of the dungeon, and saw 4 of its levels.

You collected 233 gold pieces.
You spent 84 gold pieces at shops.


Innate Abilities, Weirdness & Mutations

You have very sharp teeth.
Your uncanny sense of smell can sniff out nearby items.
Your experience applies equally to all skills.


   Skills:
 + Level 6.7 Fighting
 + Level 1.6 Short Blades
 + Level 1.6 Long Blades
 + Level 6.7 Axes
 + Level 1.6 Maces & Flails
 + Level 1.6 Polearms
 + Level 1.6 Staves
 + Level 1.6 Slings
 + Level 1.6 Bows
 + Level 1.6 Crossbows
 + Level 1.6 Throwing
 + Level 1.6 Armour
 + Level 6.7 Dodging
 + Level 4.4 Stealth
 + Level 1.6 Shields
 + Level 1.6 Unarmed Combat
 + Level 1.6 Spellcasting
 + Level 1.3 Conjurations
 + Level 1.3 Hexes
 + Level 1.3 Summonings
 + Level 1.3 Necromancy
 + Level 1.3 Translocations
 + Level 1.3 Transmutations
 + Level 1.3 Fire Magic
 + Level 1.3 Ice Magic
 + Level 1.3 Air Magic
 + Level 1.3 Earth Magic
 + Level 1.3 Poison Magic
 + Level 1.8 Invocations
 + Level 1.6 Evocations


You had 7 spell levels left.
You didn't know any spells.
Your spell library contained the following spells:

 Spells                   Type           Power      Damage    Failure   Level
 Ozocubu's Armour         Ice            3%         N/A       52%         3
 Metabolic Englaciation   Hex/Ice        1%         N/A       99%         5
 Simulacrum               Ice/Necr       1%         N/A       100%        6

Inventory:

Hand Weapons
 a - a +0 hand axe (weapon)
 p - a +0 halberd
 q - a +0 flail
Missiles
 b - 3 javelins (quivered)
Armour
 i - a +0 chain mail
 m - a +0 helmet (worn)
 o - a +1 robe of cold resistance (worn)
 r - a +0 pair of gloves (worn)
Jewellery
 f - a ring of ice
Scrolls
 g - a scroll of silence {!r}
 h - 2 scrolls of blinking
 j - a scroll of immolation {!r}
 l - 2 scrolls of teleportation {@r4}
 s - a scroll of fog
 t - a scroll of fear
Potions
 c - a potion of ambrosia
 e - a potion of berserk rage {unknown}
 k - 2 potions of attraction {!q}
 n - 3 potions of curing {unknown}

Dungeon Overview and Level Annotations

Branches:
Dungeon (4/15)
 Temple: D:4-7

Altars:
Trog
Zin

Shops:
D:3 =((?   D:4 (

Annotations:
D:4 Menkaure

▒... ...... .▒
▒... ....▒ ..▒
▒▒▒..▒
...▒▒▒▒▒..▒
▒▒..▒
.........▒ ...▒
▒.[.(...▒▒
...▒▒
▒▒.£......▒▒
....▒
▒▒......▒...▒
▒▒..▒▒
▒..▒▒...£...▒▒
▒▒▒..▒▒
▒▒..▒▒▒g......▒
▒▒..▒▒▒▒..▒▒
▒▒M.....▒
▒▒..▒▒..▒▒
▒......
▒▒.....▒ ▒.....
▒ ▒..▒▒..▒
..... ▒
▒.▒▒▒▒..▒ ....
. ▒.▒ ▒..▒ ...
▒▒ ▒▒▒ ▒▒.▒ ...
▒.▒


You could see Menkaure.


Message History

Menkaure is moderately damaged.
Menkaure barely misses you.
You hit Menkaure.
Menkaure is heavily damaged.
You slash Menkaure!
Menkaure is severely damaged.
Menkaure points at you and mumbles some strange words.
You barely resist. You hit Menkaure but do no damage.
Menkaure is severely damaged.
Menkaure barely misses you.
You hit Menkaure.
Menkaure is severely damaged.
Menkaure calls on the powers of darkness!
Your body is wracked with pain!
* * * LOW HITPOINT WARNING * * *
You hit Menkaure but do no damage. You bite Menkaure, but do no damage.
Menkaure is severely damaged.
You hit Menkaure but do no damage.
Menkaure is severely damaged.
Menkaure closely misses you.
You hit Menkaure but do no damage.
Menkaure is severely damaged.
Menkaure hits you!!
* * * LOW HITPOINT WARNING * * *
You hit Menkaure but do no damage.
Menkaure is severely damaged.
Menkaure hits you!
You die...

Action                   |  1- 3 |  4- 6 || total
-------------------------+-------+-------++-------
Melee: Hand axe          |   145 |   101 ||   246
       Bite              |    12 |    12 ||    24
       Punch             |     2 |     1 ||     3
Invok: Berserk           |       |     3 ||     3
  Use: Scroll            |       |     5 ||     5
 Stab: Sleeping          |     4 |     1 ||     5
       Distracted        |     1 |       ||     1
Armor: Robe              |    20 |    11 ||    31
       Chain mail        |     1 |       ||     1
Dodge: Dodged            |    99 |    50 ||   149

Levels and vault maps discovered:
D:1:      dpeg_arrival_castle, layout_basic, shapermc_ecumenical_altar_venn
D:2:      layout_basic, minmay_diced_spiral, uniq_robin
D:3:      layout_basic, zin_scriptorium, serial_bayou, serial_bayou_pond_d,
          serial_bayou_pond_a, serial_bayou_crossing, serial_bayou_lake_a,
          serial_shops, shop, nicolae_shop_waterfront, shop, shop_coins
D:4:      layout_layer_cave, minmay_temple_entry_drinking_statues, serial_shops,
          shop, minmay_rat_hole, uniq_sigmund, uniq_menkaure, uniq_edmund

Notes
Turn   | Place    | Note
-------+----------+-------------------------------------------
     0 | D:1      | sanka the Gnoll Monk began the quest for the Orb.
     0 | D:1      | Reached XP level 1. HP: 23/23 MP: 1/1
   219 | D:1      | Reached XP level 2. HP: 16/29 MP: 2/2
   302 | D:1      | Found a faded altar of an unknown god.
   306 | D:1      | Prayed at the altar of an unknown god.
   306 | D:1      | Became a worshipper of Trog the Wrathful
   306 | D:1      | Reached * piety under Trog
   306 | D:1      | Reached ** piety under Trog
   468 | D:1      | Reached *** piety under Trog
   687 | D:1      | Reached XP level 3. HP: 20/35 MP: 3/3
  1323 | D:1      | Reached skill level 1 in Invocations
  1460 | D:2      | Reached skill level 1 in Short Blades
  1460 | D:2      | Reached skill level 1 in Long Blades
  1460 | D:2      | Reached skill level 1 in Maces & Flails
  1460 | D:2      | Reached skill level 1 in Polearms
  1460 | D:2      | Reached skill level 1 in Staves
  1460 | D:2      | Reached skill level 1 in Slings
  1460 | D:2      | Reached skill level 1 in Bows
  1460 | D:2      | Reached skill level 1 in Crossbows
  1460 | D:2      | Reached skill level 1 in Throwing
  1460 | D:2      | Reached skill level 1 in Armour
  1460 | D:2      | Reached skill level 1 in Shields
  1460 | D:2      | Reached skill level 1 in Unarmed Combat
  1460 | D:2      | Reached skill level 1 in Spellcasting
  1460 | D:2      | Reached skill level 1 in Evocations
  1573 | D:2      | Reached XP level 4. HP: 12/41 MP: 5/5
  1863 | D:2      | Reached skill level 1 in Conjurations
  1863 | D:2      | Reached skill level 1 in Hexes
  1863 | D:2      | Reached skill level 1 in Summonings
  1863 | D:2      | Reached skill level 1 in Necromancy
  1863 | D:2      | Reached skill level 1 in Translocations
  1863 | D:2      | Reached skill level 1 in Transmutations
  1863 | D:2      | Reached skill level 1 in Fire Magic
  1863 | D:2      | Reached skill level 1 in Ice Magic
  1863 | D:2      | Reached skill level 1 in Air Magic
  1863 | D:2      | Reached skill level 1 in Earth Magic
  1863 | D:2      | Reached skill level 1 in Poison Magic
  2057 | D:2      | Noticed Robin
  2062 | D:2      | Reached **** piety under Trog
  2069 | D:2      | Killed Robin
  2070 | D:2      | Reached XP level 5. HP: 28/47 MP: 5/7
  2865 | D:3      | Found Hunit's Jewellery Shoppe.
  2885 | D:3      | Found Pumiq's Weapon Emporium.
  3054 | D:3      | Found Medoa's Weapon Shoppe.
  3187 | D:3      | Found Lyujam's Magic Scroll Emporium.
  3201 | D:3      | Bought a scroll of teleportation for 36 gold pieces
  3201 | D:3      | Bought a scroll of fog for 24 gold pieces
  3201 | D:3      | Bought a scroll of identify for 24 gold pieces
  3416 | D:3      | Found a glowing silver altar of Zin.
  3543 | D:4      | Found Hyref's Weapon Boutique.
  3572 | D:4      | Noticed Menkaure
  3584 | D:4      | HP: 1/47 [Menkaure (22)]
  3585 | D:4      | Mangled by Menkaure

Vanquished Creatures
  Robin (D:2)
  6 gnolls
  2 adders
  3 worms
  2 dart slugs
  7 ball pythons
  7 endoplasms
  3 giant cockroaches
  17 goblins
  8 hobgoblins
  8 jackals
  3 kobolds
  4 quokkas (D:1)
  8 bats
  3 frilled lizards
  3 rats
85 creatures vanquished.

Vanquished Creatures (others)
  A plant (D:3)
1 creature vanquished.

Grand Total: 86 creatures vanquished
